 Dungeon Crawl Stone Soup version 0.27-a0-1184-ge86db4a01e (webtiles) character file.

Game seed: 7207638533003383230

32944 robertstho the Severer (level 13, -1/183 HPs)
             Began as a Minotaur Berserker on May 18, 2021.
             Was a High Priest of Trog.
             Killed from afar by an electric eel (10 damage)
             ... with a bolt of electricity
             ... on level 4 of the Lair of Beasts.
             The game lasted 00:20:38 (13241 turns).

robertstho the Severer (Minotaur Berserker)        Turns: 13241, Time: 00:20:38

Health: -1/183     AC:  9    Str: 31    XL:     13   Next: 34%
Magic:  12/12      EV: 14    Int:  5    God:    Trog [*****.]
Gold:   1677       SH:  0    Dex: 10    Spells: 12/12 levels left

rFire    x . .     SeeInvis .   Q - +10 broad axe of Qojiatu {drain, *Corrode rF- rN+++ Str+5}
rCold    . . .     Faith    .   (no shield)
rNeg     + + +     Spirit   .   n - +0 ring mail {rPois}
rPois    +         Reflect  .   (helmet restricted)
rElec    .         Harm     .   J - scarf {shadows}
rCorr    +         Rampage  .   j - +1 pair of gloves
Will     .....                  (no boots)
Stlth    ..........             m - amulet of regeneration
HPRegen  1.40/turn              F - +4 ring of protection
MPRegen  0.13/turn              P - ring of Ygoahao {+Blink rCorr}

@: berserking, corroded, very quick
A: horns 2, retaliatory headbutt
a: Renounce Religion, Evoke Blink, Berserk, Trog's Hand, Brothers in Arms


You were on level 4 of the Lair of Beasts.
You worshipped Trog.
Trog was extremely pleased with you.
You visited 2 branches of the dungeon, and saw 15 of its levels.
You also visited: Ossuary.

You collected 1677 gold pieces.

Inventory:

Hand Weapons
 d - a +5 executioner's axe of venom
 h - a +1 hand axe of draining
 A - the +10 mace of Melee {protect, *Corrode rPois Str+4 Int+8}
   (You took it off a wight on level 7 of the Dungeon)

   It grants its wielder temporary protection when it strikes (+7 to AC).
   It affects your strength (+4).
   It affects your intelligence (+8).
   It protects you from poison.
   It may corrode you when you take damage.
 D - a +4 battleaxe
 I - a +0 scimitar of flaming
 Q - the +10 broad axe of Qojiatu (weapon) {drain, *Corrode rF- rN+++ Str+5}
   (You found it on level 1 of the Lair of Beasts)

   A truly terrible weapon, it drains the life of those it strikes.
   It affects your strength (+5).
   It makes you vulnerable to fire.
   It renders you almost immune to negative energy.
   It may corrode you when you take damage.
Missiles
 r - a throwing net
 s - 2 boomerangs of dispersal
 R - 8 atropa-tipped darts
Armour
 j - a +1 pair of gloves (worn)
 n - a +0 ring mail of poison resistance (worn)
 v - a +0 plate armour
 x - a +0 buckler
 J - a scarf of shadows (worn)
Jewellery
 f - a ring of protection from fire
 k - a +6 ring of strength
 m - an amulet of regeneration (around neck)
 y - a +6 ring of dexterity
 B - a ring of ice
 C - a ring of poison resistance
 E - an amulet of magic regeneration
 F - a +4 ring of protection (left hand)
 H - a +6 ring of strength
 K - a ring of protection from cold
 P - the ring of Ygoahao (right hand) {+Blink rCorr}
   (You found it on level 10 of the Dungeon)

   [ring of resist corrosion]

   It lets you blink.
   It protects you from acid and corrosion.
 V - an amulet of faith
Wands
 e - a wand of iceblast (30)
 q - a wand of mindburst (12)
 T - a wand of paralysis (7)
Scrolls
 b - 5 scrolls of blinking
 l - 3 scrolls of fear
 o - 5 scrolls of enchant weapon
 p - a scroll of fog
 t - a scroll of enchant armour
 w - 7 scrolls of teleportation
 L - a scroll of immolation
 N - 5 scrolls of identify
 S - a scroll of torment {unknown}
 U - a scroll of silence
Potions
 a - 2 potions of attraction
 c - 2 potions of resistance
 g - 5 potions of flight
 i - 7 potions of haste
 u - 3 potions of heal wounds
 z - a potion of might
 M - a potion of mutation
 O - a potion of ambrosia
Miscellaneous
 G - a phantom mirror


   Skills:
 + Level 13.4 Fighting
 + Level 3.5 Long Blades
 + Level 18.3 Axes
 + Level 10.5 Armour
 + Level 8.2 Dodging
 + Level 2.1 Stealth
 + Level 0.4 Shields


You had 12 spell levels left.
You didn't know any spells.
Your spell library was empty.

Dungeon Overview and Level Annotations

Branches:
Dungeon (11/15)            Temple (0/1) D:6            Lair (4/6) D:9
  Swamp (0/4) Lair:4        Snake (0/4) Lair:2          Orc (0/2) D:9
Ossuary (visited)

Altars:
Dithmenos
Elyvilon
Gozag
Nemelex Xobeh
Xom

Annotations:
D:8 Need digging for vault


Innate Abilities, Weirdness & Mutations

You have a pair of horns on your head.
You reflexively headbutt those who attack you in melee.


Message History

The electric eel completely resists.
The bolt of electricity hits you!
* * * LOW HITPOINT WARNING * * *
You barely miss the electric eel. You headbutt the electric eel!
You kill the electric eel!
Trog accepts your kill.
The electric eel shoots out a bolt of lightning at you!
The bolt of electricity hits you!
* * * LOW HITPOINT WARNING * * *
Unknown command.
You barely miss the electric eel. You closely miss the electric eel.
You slash the rime drake! You drain the rime drake.
You closely miss the water moccasin.
The electric eel shoots out a bolt of lightning at you!
The bolt of electricity hits you!
* * * LOW HITPOINT WARNING * * *
You closely miss the electric eel. Your headbutt misses the electric eel.
You slice the rime drake!!
You kill the rime drake!
Trog accepts your kill.
You slash the water moccasin! You drain the water moccasin.
The water moccasin barely misses you. You furiously retaliate!
You headbutt the water moccasin!
You kill the water moccasin!
Trog accepts your kill.
You slash the electric eel! You drain the electric eel.
Your headbutt misses the electric eel.
The electric eel is almost dead.
The electric eel shoots out a bolt of lightning at you!
The bolt of electricity hits you!
* * * LOW HITPOINT WARNING * * *
You slice the electric eel!!
You kill the electric eel!
Trog accepts your kill.
You hear a splash.
The electric eel shoots out a bolt of lightning at you!
The bolt of electricity hits you!
* * * LOW HITPOINT WARNING * * *
The electric eel shoots out a bolt of lightning at you!
The bolt of electricity hits you!
You die...

###..###P#.###.#... ..
...................
.................P##.#.
......###..###....####.
.....###..#.#P...####.#
........#..###...###...
#......#.†........#...:
.§§§.............#.....
..§§;.@.#...##...+.....
.§§§;§†.#.#.# ....#.#.
.§§§§;.....#.# # ##..
.§≈§§§§§....... ###..P
§.§§≈§§........ ......
.§§.......... ......
§.§.......... .......
....... .#P.##


You could see 3 electric eels.

Vanquished Creatures
  5 hydras
  A centaur warrior (D:8)
  The ghost of FizzleBang the Cleaver, a novice MiBe of Trog (D:10)
  4 two-headed ogres (D:10)
  A two-headed ogre (shapeshifter) (D:8)
  A death yak (Lair:2)
  3 cyclopes
  An oklob plant (Lair:1)
  3 black mambas
  9 elephants (Lair:3)
  2 unseen horrors
  7 cane toads
  A torpor snail (Lair:2)
  3 rime drakes
  3 komodo dragons
  A troll (D:11)
  A polar bear (Lair:1)
  A queen bee (D:10)
  3 hornets
  Sigmund (D:4)
  14 yaks
  7 wyverns
  5 basilisks
  A steam dragon (Lair:3)
  A vampire mosquito (D:8)
  2 acid dragons
  18 water moccasins
  3 hornet zombies
  An ice beast (D:8)
  8 orc warriors
  2 sky beasts
  A necrophage (D:7)
  3 black bears
  2 ogres
  5 wolves (Lair:2)
  3 centaurs
  4 phantoms
  A kobold brigand (D:7)
  2 elf zombies (Ossuary)
  13 bullfrogs
  6 scorpions
  A water moccasin skeleton (D:5)
  4 killer bees (D:10)
  8 wights
  2 electric eels (Lair:4)
  3 howler monkeys
  9 centaur zombies
  3 gnoll shamans (D:7)
  2 bullfrog skeletons
  2 orc priests (D:7)
  8 hounds
  2 human zombies (Ossuary)
  Jessica (D:2)
  5 iguanas
  Ijyb (D:4)
  7 orc wizards
  A killer bee zombie (D:8)
  3 mummies (Ossuary)
  Robin (D:2)
  2 howler monkey zombies
  A howler monkey skeleton (D:6)
  13 adders
  4 gnolls (D:7)
  2 white imps
  An ufetubus (D:4)
  2 adder skeletons (D:4)
  5 adder zombies
  2 worms (D:3)
  5 dart slugs
  33 orcs
  8 ball pythons
  9 endoplasms
  6 giant cockroaches
  A gnoll zombie (Ossuary)
  18 goblins
  25 hobgoblins
  4 jackals
  3 quokkas
  4 bats
  6 frilled lizards
  4 goblin zombies (Ossuary)
  2 hobgoblin zombies (Ossuary)
  4 jackal zombies (Ossuary)
  17 kobolds
  2 kobold zombies (Ossuary)
  An orc zombie (Ossuary)
  6 rats
  10 rat zombies (Ossuary)
417 creatures vanquished.

Vanquished Creatures (collateral kills)
  A two-headed ogre (D:8)
  2 oklob plants (Lair:1)
  An efreet (D:8)
  A slime creature (D:8)
  A vampire (D:8)
  A vampire mosquito (D:8)
  A water moccasin (Lair:1)
  A kobold brigand (D:8)
  A howler monkey (D:8)
10 creatures vanquished.

Vanquished Creatures (others)
  11 fungi
  20 plants
31 creatures vanquished.

Grand Total: 458 creatures vanquished

Notes
Turn   | Place    | Note
-------+----------+-------------------------------------------
     0 | D:1      | robertstho the Minotaur Berserker began the quest for the
                  | Orb.
     0 | D:1      | Reached XP level 1. HP: 19/19 MP: 0/0
   298 | D:1      | Reached XP level 2. HP: 24/27 MP: 1/1
   547 | D:1      | Reached skill level 4 in Axes
  1261 | D:1      | Found a faded altar of an unknown god.
  1270 | D:1      | Reached XP level 3. HP: 33/33 MP: 2/2
  1396 | D:2      | Noticed Robin
  1409 | D:2      | Killed Robin
  1416 | D:2      | Reached ** piety under Trog
  1604 | D:2      | Noticed Jessica
  1609 | D:2      | Killed Jessica
  1610 | D:2      | Reached XP level 4. HP: 41/41 MP: 3/3
  1650 | D:2      | Reached skill level 5 in Axes
  2433 | D:2      | Reached XP level 5. HP: 47/47 MP: 4/4
  2475 | D:2      | Found a white marble altar of Elyvilon.
  2811 | D:3      | Reached skill level 5 in Fighting
  2829 | D:3      | Noticed an ogre
  2835 | D:3      | Killed an ogre
  2836 | D:3      | Reached skill level 6 in Axes
  2836 | D:3      | Reached XP level 6. HP: 56/56 MP: 5/5
  3073 | D:3      | Reached *** piety under Trog
  3080 | D:3      | Found a shimmering altar of Xom.
  3645 | D:4      | Found a shadowy altar of Dithmenos.
  3722 | D:4      | Reached XP level 7. HP: 58/61 MP: 6/6
  3753 | D:4      | Reached skill level 7 in Axes
  3753 | D:4      | Reached skill level 5 in Armour
  3972 | D:4      | Noticed Sigmund
  3978 | D:4      | Reached **** piety under Trog
  4016 | D:4      | Killed Sigmund
  4017 | D:4      | Reached skill level 8 in Axes
  4158 | D:4      | Reached XP level 8. HP: 69/70 MP: 7/7
  4350 | D:4      | Noticed Ijyb
  4355 | D:4      | Killed Ijyb
  4664 | D:5      | Entered Level 5 of the Dungeon
  4727 | D:5      | Reached skill level 9 in Axes
  5047 | D:5      | Found a sparkling altar of Nemelex Xobeh.
  5452 | D:5      | Reached skill level 1 in Stealth
  5612 | D:6      | Found a staircase to the Ecumenical Temple.
  5629 | D:6      | Reached ***** piety under Trog
  5713 | D:6      | Identified a scroll of acquirement
  5715 | D:6      | Acquired a +5 executioner's axe of venom
  5734 | D:6      | Reached skill level 5 in Dodging
  5813 | D:6      | Reached XP level 9. HP: 50/79 MP: 8/8
  5840 | D:6      | Reached skill level 10 in Axes
  5876 | D:6      | Found a sand-covered staircase.
  5883 | Ossuary  | Entered an ossuary
  6580 | D:7      | Identified the +10 mace of Melee {protect, *Corrode rPois
                  | Str+4 Int+8}
  6585 | D:7      | Reached skill level 11 in Axes
  7053 | D:7      | Reached skill level 12 in Axes
  7149 | D:7      | Received a gift from Trog
  7180 | D:7      | Reached XP level 10. HP: 64/89 MP: 9/9
  7856 | D:8      | Noticed a centaur warrior
  7863 | D:8      | Killed a centaur warrior
  7914 | D:8      | Noticed a cyclops
  7921 | D:8      | Reached skill level 13 in Axes
  7928 | D:8      | Killed a cyclops
  7950 | D:8      | Noticed a two-headed ogre
  7954 | D:8      | Killed a two-headed ogre
  7955 | D:8      | Noticed a two-headed ogre
  7961 | D:8      | Killed a two-headed ogre
  7962 | D:8      | Reached skill level 14 in Axes
  7967 | D:8      | Reached skill level 10 in Fighting
  7986 | D:8      | Identified Sif Muna's Compendium of the Floating Mountains
  8604 | D:8      | Identified the Almanac of the Virous Blaze
  8842 | D:9      | Reached XP level 11. HP: 96/99 MP: 10/10
  8973 | D:9      | Found a staircase to the Lair.
  9144 | D:9      | Reached skill level 15 in Axes
  9199 | D:9      | Received a gift from Trog
  9422 | D:9      | Found a staircase to the Orcish Mines.
  9581 | D:10     | Entered Level 10 of the Dungeon
  9600 | D:10     | Found a transporter.
  9603 | D:10     | Found a transporter.
  9604 | D:10     | Noticed FizzleBang's ghost (novice MiBe)
  9673 | D:10     | Found an opulent altar of Gozag.
  9696 | D:10     | Noticed a six-headed hydra
  9702 | D:10     | Killed a four-headed hydra
  9715 | D:10     | Noticed a two-headed ogre
  9719 | D:10     | Killed a two-headed ogre
  9854 | D:10     | Noticed a two-headed ogre
  9863 | D:10     | Killed a two-headed ogre
  9864 | D:10     | Reached skill level 16 in Axes
 10003 | D:10     | Noticed a two-headed ogre
 10006 | D:10     | Noticed a two-headed ogre
 10009 | D:10     | Killed a two-headed ogre
 10010 | D:10     | Reached skill level 1 in Long Blades
 10343 | D:10     | Killed a two-headed ogre
 10344 | D:10     | Reached XP level 12. HP: 73/110 MP: 11/11
 10706 | D:10     | Paralysed by a hornet for 2 turns
 10768 | D:10     | Killed FizzleBang's ghost
 10774 | D:10     | Identified the ring of Ygoahao {+Blink rCorr}
 10889 | Lair:1   | Entered Level 1 of the Lair of Beasts
 11082 | Lair:1   | Identified the +0 leather armour of Failure {Harm rF+ rC+}
 11200 | Lair:1   | Noticed a four-headed hydra
 11207 | Lair:1   | Killed a one-headed hydra
 11375 | Lair:1   | Reached skill level 17 in Axes
 11385 | Lair:1   | Identified the +10 broad axe of Qojiatu {drain, *Corrode
                  | rF- rN+++ Str+5}
 11741 | Lair:2   | Reached skill level 10 in Armour
 11840 | Lair:2   | Noticed a five-headed hydra
 11846 | Lair:2   | Killed a two-headed hydra
 11927 | Lair:2   | Noticed a five-headed hydra
 11933 | Lair:2   | Killed an eight-headed hydra
 11967 | Lair:2   | Found a staircase to the Snake Pit.
 12276 | Lair:2   | Noticed a death yak
 12286 | Lair:2   | Killed a death yak
 12286 | Lair:2   | Received a gift from Trog
 12503 | Lair:2   | Reached XP level 13. HP: 116/119 MP: 12/12
 12729 | Lair:3   | Reached skill level 18 in Axes
 13229 | Lair:4   | Found a staircase to the Swamp.
 13241 | Lair:4   | HP: 9/183 [electric eel/bolt of electricity (8)]
 13241 | Lair:4   | Killed from afar by an electric eel

Illustrated notes

Levels and vault maps discovered:
D:1:      beargit_arrival_diablo_church, layout_basic,
          hellmonk_ecumenical_altar_heavens_door, serial_bayou_crossing
D:2:      layout_loops_ring, basic_altar, uniq_jessica, uniq_robin
D:3:      minmay_door_path, layout_loops_ring, tgw_xom, lightli_corner_chamber
D:4:      minmay_polygon_palace, layout_cave_pools,
          grunt_dithmenos_smoke_and_mirrors, serial_bayou, serial_bayou_pond_a,
          serial_bayou_pond_b, serial_bayou_pond_b, serial_bayou_pond_a,
          wad_orctagon, uniq_sigmund, uniq_ijyb
D:5:      layout_basic, pf_just_have_faith, grunt_decor_junction
D:6:      layout_basic, minmay_temple_entry_junction_2,
          chequers_ossuary_entry_cave
D:7:      kennysheep_housing_project, layout_basic,
          hangedman_decor_clover_reticule
D:8:      minmay_the_grid_octo_2x2 [minmay_the_grid_octo_77,
          minmay_the_grid_octo_horde, minmay_the_grid_octo_clover_2,
          minmay_the_grid_octo_prize_ultimate_mussel_roller],
          layout_loops_corners, serial_glass, glass_columns_b, glass_columns_c,
          glass_columns_a, feat_on_display, feat_on_display,
          due_unseen_surprise, feat_on_display, dk_noncrumbling_2
D:9:      layout_loops_ring, minmay_lair_entry_grove, orc_0_dummy
D:10:     layout_loops_ring, nicolae_gozag_seed_capital, gammafunk_ghost_hive
D:11:     layout_loops_cross
Lair:1:   layout_loops_ring, minmay_lair_oklob_chamber, lemuel_fruit_fields
Lair:2:   layout_chaotic_city, dummy_snake_entry, chequers_serial_rivers_room_a,
          st_stairs_12
Lair:3:   layout_hall_layers, infiniplex_staircase_pool_2, grunt_megastairs_2
Lair:4:   layout_regular_city, minmay_swamp_entry_eels

Skill      XL: |  1  2  3  4  5  6  7  8  9 10 11 12 13 |
---------------+----------------------------------------+-----
Fighting       | 4 5 6 7 8 10 11 12 13 | 13.4
Axes           | 4 5 6 8 9 12 14 16 17 18 | 18.3
Armour         | 3 4 5 7 8 9 10 | 10.5
Dodging        | 3 5 6 7 8 |  8.2
Stealth        | 1 2 |  2.1
Long Blades    | 1 3 |  3.5
Shields        | |  0.4

Action                   |  1- 3 |  4- 6 |  7- 9 | 10-12 | 13-15 || total
-------------------------+-------+-------+-------+-------+-------++-------
Melee: Hand axe          |    67 |   126 |   148 |       |       ||   341
       Headbutt          |    12 |    18 |    68 |    66 |    21 ||   185
       Executioner's axe |       |       |   153 |   198 |       ||   351
       Scimitar          |       |       |       |    17 |     7 ||    24
       Broad axe         |       |       |       |    52 |    63 ||   115
Invok: Berserk           |     2 |     1 |     6 |     7 |     1 ||    17
       Trog's Hand       |       |       |     1 |     2 |       ||     3
       Brothers in Arms  |       |       |       |     2 |       ||     2
  Use: Scroll            |       |     5 |     7 |     9 |       ||    21
       Potion            |       |       |     4 |       |       ||     4
Armor: Animal skin       |     2 |       |       |       |       ||     2
       Ring mail         |    20 |    50 |   133 |   155 |    31 ||   389
Dodge: Dodged            |    46 |    66 |   183 |   227 |    35 ||   557
Block: Buckler           |       |       |     5 |       |       ||     5
       Rpst.: Scimitar   |       |       |       |     3 |     1 ||     4

Table legend: (Time is in decaauts)
 A = Elapsed time spent in this place.
 B = Non-inter-level travel time spent in this place.
 C = Inter-level travel time spent in this place.
 D = Time resting spent in this place.
 E = Time spent auto-exploring this place.
 F = Levels seen in this place.
 G = Mean time per level.
                   A        B        C        D        E       F      G
               +--------+--------+--------+--------+--------+-----+--------+
         Total |  13473 |  12659 |    814 |    125 |  10198 |  16 |  842.1 |
       Dungeon |  10860 |  10163 |    697 |    125 |   8152 |  11 |  987.3 |
          Lair |   2329 |   2213 |    116 |      0 |   1904 |   4 |  582.2 |
       Ossuary |    282 |    282 |      0 |      0 |    142 |   1 |  282.0 |
               +--------+--------+--------+--------+--------+-----+--------+

Top non-repeatable levels by time:
     D:1: 1402 daAuts
     D:8: 1267 daAuts
     D:2: 1238 daAuts
     D:4: 1097 daAuts
     D:7: 1076 daAuts
     D:3: 1062 daAuts
    D:10: 1058 daAuts
  Lair:2: 908 daAuts
  Lair:1: 800 daAuts
     D:5: 799 daAuts
     D:6: 789 daAuts
     D:9: 783 daAuts
  Lair:3: 566 daAuts
    D:11: 284 daAuts
 Ossuary: 282 daAuts
